 Dungeon Crawl Stone Soup version 0.24.0-125-gc4c63601f3 (webtiles) character file.

Game seed: 11141807922040290097, levelgen mode: deterministic

238343 taratatuy the Warrior (level 19, -6/125 HPs)
             Began as a Gargoyle Fighter on Mar 9, 2020.
             Was the Champion of Okawaru.
             Splashed by an acid blob's acid (12 damage)
             ... on level 6 of the Lair of Beasts on Mar 20, 2020.
             The game lasted 05:50:38 (36558 turns).

taratatuy the Warrior (Gargoyle Fighter)           Turns: 36558, Time: 05:50:39

Health: -6/125     AC: 16    Str: 25 (26) XL:     19   Next: 26%
Magic:  0/30       EV: 14    Int: 10 (11) God:    Okawaru [******]
Gold:   2315       SH: 22    Dex: 15 (17) Spells: 33/33 levels left

rFire    . . .     SeeInvis .   a - +8 demon blade of Ohets {venom, Dex+2}
rCold    . . .     Gourm    .   c - +1 large shield {reflect}
rNeg     + . .     Faith    .   g - +4 ring mail {MR+}
rPois    ∞         Spirit   +   O - +1 hat "Laruphao" {MR+ Dex+3 Stlth+}
rElec    +         Reflect  +   v - scarf {Spirit}
rCorr    .         Harm     .   L - +2 pair of gloves
MR       ++++.                  U - +0 pair of boots {run}
Stlth    ++++......             m - amulet of regeneration
HPRegen  0.70/turn              l - ring of Liess {*Slow rPois AC+3 Dex+3 Slay+3}
MPRegen  0.22/turn              q - ring of protection from magic

@: corroded, very slightly contaminated, quick
A: big wings, negative energy resistance 1, electricity resistance, unbreathing,
petrification resistance, rot immunity, AC +14
}: 2/15 runes: barnacled, gossamer
a: Fly, Heroism, Finesse, Renounce Religion


You were on level 6 of the Lair of Beasts.
You worshipped Okawaru.
Okawaru was exalted by your worship.
You were hungry.

You visited 4 branches of the dungeon, and saw 24 of its levels.

You collected 2518 gold pieces.
You spent 203 gold pieces at shops.

Inventory:

Hand Weapons
 a - the +8 demon blade of Ohets (weapon) {venom, Dex+2}
   (Okawaru gifted it to you on level 2 of the Lair of Beasts)

   It poisons the flesh of those it strikes.
   It affects your dexterity (+2).
 b - the +2 eveningstar "Mozxor" {elec, rElec rC+ rN+ Str-4}
   (Okawaru gifted it to you on level 1 of the Lair of Beasts)

   Occasionally, upon striking a foe, it will discharge some electrical energy
   and cause terrible harm.
   It affects your strength (-4).
   It protects you from cold.
   It insulates you from electricity.
   It protects you from negative energy.
 D - a +6 arbalest of flaming
Missiles
 Z - 134 bolts
Armour
 c - a +1 large shield of reflection (worn)
 g - a +4 ring mail of magic resistance (worn)
 v - a scarf of spirit shield (worn)
 L - a +2 pair of gloves (worn)
 O - the +1 hat "Laruphao" (worn) {MR+ Dex+3 Stlth+}
   (Okawaru gifted it to you on level 1 of the Spider Nest)

   It affects your dexterity (+3).
   It affects your resistance to hostile enchantments.
   It makes you more stealthy.
 U - a +0 pair of boots of running (worn)
Jewellery
 l - the ring of Liess (left hand) {*Slow rPois AC+3 Dex+3 Slay+3}
   (You took it off a merfolk on level 4 of the Shoals)

   [ring of protection]

   It affects your AC (+3).
   It affects your dexterity (+3).
   It affects your accuracy and damage with ranged weapons and melee attacks
   (+3).
   It protects you from poison.
   It may slow you when you take damage.
 m - an amulet of regeneration (around neck)
 p - an uncursed ring of protection from cold
 q - a ring of protection from magic (right hand)
 u - an uncursed ring of protection from fire
 I - an uncursed ring of positive energy
Wands
 s - a wand of clouds (6)
 y - a wand of flame (42)
 F - a wand of enslavement (14)
 G - a wand of disintegration (24)
 M - a wand of scattershot (4)
 N - a wand of polymorph (7)
 P - a wand of digging (17)
 Q - a wand of acid (6)
Scrolls
 e - 6 scrolls of fear
 h - a scroll of blinking
 j - 8 scrolls of teleportation
 n - 5 scrolls of magic mapping
 o - 8 scrolls of remove curse
 w - 3 scrolls of fog
 x - 3 scrolls of immolation
 z - 3 scrolls of torment
 K - a scroll of summoning
Potions
 d - 2 potions of might
 i - 12 potions of curing
 k - a potion of brilliance
 r - 2 potions of berserk rage
 t - 3 potions of haste
 A - 3 potions of resistance
 E - a potion of magic
 H - a potion of heal wounds
 J - 5 potions of invisibility
 S - 5 potions of lignification
 T - 5 potions of agility
 V - 9 potions of ambrosia
Miscellaneous
 R - 2 phantom mirrors
 W - a lamp of fire
 Y - a lightning rod (4/4)
Comestibles
 f - 37 rations


   Skills:
 + Level 15.9 Fighting
   Level 5.2(9.4) Short Blades
 + Level 11.9(12.3) Long Blades
 - Level 5.0 Maces & Flails
 + Level 15.6 Armour
 + Level 8.1 Dodging
 + Level 6.6 Stealth
 - Level 15.0 Shields
 + Level 7.6 Spellcasting
 - Level 7.0 Invocations
 - Level 6.0 Evocations


You had 33 spell levels left.
You didn't know any spells.
Your spell library contained the following spells:

 Spells                   Type           Power        Failure   Level  Hunger
 Animate Skeleton         Necr           N/A          65%         1    None
 Apportation              Tloc           #.....       65%         1    None
 Beastly Appendage        Tmut           #.....       65%         1    None
 Confusing Touch          Hex            #.....       65%         1    None
 Corona                   Hex            #......      65%         1    None
 Magic Dart               Conj           #...         65%         1    None
 Summon Small Mammal      Summ           #...         65%         1    None
 Blink                    Tloc           N/A          78%         2    ##.....
 Call Imp                 Summ           #.......     78%         2    ##.....
 Ensorcelled Hibernation  Hex/Ice        #.....       78%         2    ##.....
 Slow                     Hex            #.......     78%         2    ##.....
 Sticks to Snakes         Tmut           #.......     78%         2    ##.....
 Call Canine Familiar     Summ           #.......     95%         3    ###....
 Confuse                  Hex            #.......     95%         3    ###....
 Conjure Flame            Conj/Fire      #.......     95%         3    ###....
 Dazzling Spray           Conj/Hex       #.....       95%         3    ###....
 Mephitic Cloud           Conj/Pois/Air  #.......     95%         3    ###....
 Spider Form              Tmut/Pois      #.........   95%         3    ###....
 Summon Guardian Golem    Hex/Summ       #.......     95%         3    ###....
 Tukima's Dance           Hex            #.......     95%         3    ###....
 Ice Form                 Ice/Tmut       #.......     100%        4    ####...
 Summon Ice Beast         Ice/Summ       #.......     100%        4    ####...
 Summon Lightning Spire   Summ/Air       #.......     100%        4    ####...
 Blade Hands              Tmut           #.........   100%        5    ######.


Dungeon Overview and Level Annotations

Branches:
Dungeon (10/15)            Temple (0/1) D:4            Lair (6/6) D:10
 Shoals (4/4) Lair:4       Spider (4/4) Lair:3        Slime (0/5) Lair:6
    Orc: D:9-12

Altars:
Okawaru
Qazlal
Wu Jian
Xom
Zin
Jiyva

Shops:
D:8 (   D:9 (   Shoals:1 (

Annotations:
Shoals:2 3 runed translucent doors, Brecoman's ghost, journeyman DrFE
Shoals:4 Polyphemus


Innate Abilities, Weirdness & Mutations

You are resistant to torment.
Your stone body is resilient. (AC +14)
You are immune to poison.
Your large and strong wings let you fly indefinitely.
You resist negative energy. (rN+)
You are resistant to electric shocks. (rElec)
You can survive without breathing.
You are immune to petrification.
You are immune to rotting.


Message History

The acid blob spits acid at you.
The splash of acid hits you but does no damage.
The acid corrodes you!
You are splashed with acid!
* * * LOW HITPOINT WARNING * * *
Blink to where?
Press: ? - help, Dir - move target cursor You are very lightly contaminated with residual magic.
As you read the scroll of blinking, it crumbles to dust.
The acid blob spits acid at you. The splash of acid hits you.
* * * LOW HITPOINT WARNING * * *
You are splashed with acid!
* * * LOW HITPOINT WARNING * * *
You are feeling hungry.
The acid blob jiggles.
The acid blob spits acid at you. The splash of acid hits you!
* * * LOW HITPOINT WARNING * * *
You are splashed with acid!
You die...

≈≈♣♣
####.#.....#.##..#.......##.
≈♣.♣
##.###....P####.........#.##
♣≈♣♣
#..###....##.............#..
♣.P♣
#..##......##....#P.........
♣.♣♣
#...##....##....##.......#..
.P♣
#.#..#....####P.##......####
..♣
####.#.....####..#......P###
.♣♣
#P##.#....#..#....J......P..
♣♣
#.......<..@................
♣
#...........................
♣
#.#.P#.####..#..#..#.#....##
###.#### #.#######.##.######
### ### ######


You could see an acid blob.

Vanquished Creatures
  Mara (Spider:4)
  Arachne (Spider:2)
  Jorgrun (Spider:3)
  Rupert (Lair:3)
  2 acid blobs (Lair:6)
  Kirke (Spider:1)
  Agnes (Spider:4)
  Louise (Spider:1)
  4 ghost moths
  Aizul (Spider:4)
  3 emperor scorpions
  6 entropy weavers
  2 spark wasps
  3 merfolk javelineers (Shoals:4)
  The ghost of Sennar25 the Cleaver, a journeyman DsFi of Qazlal (Lair:5)
  Harold (D:8)
  A fire dragon (Lair:6)
  6 merfolk impalers
  Erolcha (D:9)
  8 hydras
  3 catoblepae
  An alligator snapping turtle (Shoals:2)
  A merfolk avatar (Shoals:3)
  Erica (D:9)
  4 merfolk aquamancers
  7 death yaks
  Nergalle (Lair:3)
  10 sea snakes
  A lindwurm (Lair:6)
  A swamp dragon (Lair:6)
  14 harpies
  12 manticores
  14 orb spiders
  Pikel (D:6)
  19 fauns
  4 oklob plants (Lair:1)
  32 wolf spiders
  4 moths of wrath (Spider:4)
  A cyclops (Shoals:2)
  6 elephants
  Joseph (D:9)
  8 merfolk sirens
  2 torpor snails
  Maurice (D:8)
  Psyche (D:8)
  5 water nymphs
  9 spiny frogs
  4 black mambas
  6 rime drakes
  6 demonic crawlers
  The ghost of Blodwynpig the Cudgeler, a novice GrBe of Trog (D:5)
  11 komodo dragons
  A troll (D:10)
  28 jumping spiders
  11 hornets
  18 merfolk
  4 wind drakes
  16 blink frogs
  5 snapping turtles
  18 dream sheep
  11 hippogriffs
  99 redbacks
  32 tarantellas
  10 basilisks
  2 wyverns (Lair:6)
  3 hogs (Spider:1)
  6 water elementals
  Eustachio (D:5)
  Grum (D:9)
  4 steam dragons
  29 yaks
  A hungry ghost (D:7)
  Menkaure (D:5)
  Edmund (D:6)
  6 water moccasins
  A swamp drake (Lair:6)
  8 porcupines
  2 ice beasts (D:8)
  3 orc warriors
  A black bear (D:10)
  3 phantoms
  4 ogres
  A necrophage (D:9)
  12 centaurs
  17 wolves
  13 crocodiles
  4 big kobolds
  9 bullfrogs
  A wyvern skeleton (D:7)
  4 scorpions
  2 electric eels (Spider:3)
  3 howler monkeys
  2 bullfrog zombies
  2 crimson imps
  3 hounds
  A quasit (D:9)
  2 jellies
  2 bullfrog skeletons
  8 orc wizards
  A centaur skeleton (D:4)
  6 orc priests
  An iguana (Lair:6)
  Terence (D:2)
  6 worker ants
  A hell rat (Lair:6)
  2 hound zombies
  2 hound skeletons
  A howler monkey zombie (D:7)
  6 gnolls
  A howler monkey skeleton (D:6)
  17 adders
  5 shadow imps
  An ooze (D:3)
  4 adder skeletons
  6 worms
  2 dart slugs
  7 leopard geckos
  28 orcs
  7 bats
  5 giant cockroaches
  4 goblins
  10 hobgoblins
  4 jackals (D:8)
  3 quokkas
  4 frilled lizards
  23 kobolds
  A quokka skeleton (D:7)
  6 rats
  A butterfly (Lair:5)
  6 plants
  A withered plant (Shoals:3)
827 creatures vanquished.

Vanquished Creatures (others)
  2 satyrs (Shoals:4)
  A faun (Shoals:4)
  A tarantella (Spider:4)
  A slave (D:6)
  A scorpion (D:6)
  A crimson imp (D:6)
  A bullfrog zombie (D:6)
  An ooze (D:6)
  A worm (D:6)
  A giant cockroach (D:6)
  19 fungi
  63 plants
  14 tentacles (Shoals:3)
107 creatures vanquished.

Grand Total: 934 creatures vanquished

Notes
Turn   | Place    | Note
-------+----------+-------------------------------------------
     0 | D:1      | taratatuy the Gargoyle Fighter began the quest for the Orb.
     0 | D:1      | Reached XP level 1. HP: 14/14 MP: 1/1
   373 | D:1      | Reached XP level 2. HP: 19/19 MP: 2/2
   535 | D:1      | Found a shimmering altar of Xom.
   927 | D:2      | Reached XP level 3. HP: 20/24 MP: 3/3
  1276 | D:2      | Reached XP level 4. HP: 29/29 MP: 4/4
  1305 | D:2      | Noticed Terence
  1309 | D:2      | Killed Terence
  1669 | D:2      | Reached skill level 1 in Short Blades
  1669 | D:2      | Reached XP level 5. HP: 32/34 MP: 5/5
  1724 | D:3      | Found a stormy altar of Qazlal.
  1737 | D:3      | Found a shimmering altar of Xom.
  1740 | D:3      | Found an iron altar of Okawaru.
  1804 | D:3      | Became a worshipper of Warmaster Okawaru
  1983 | D:3      | Found a faded altar of an unknown god.
  2082 | D:3      | Reached skill level 5 in Fighting
  2345 | D:4      | Reached XP level 6. HP: 40/40 MP: 6/6
  2849 | D:4      | Reached XP level 7. HP: 45/45 MP: 7/7
  2887 | D:4      | Reached * piety under Okawaru
  2888 | D:4      | Found a staircase to the Ecumenical Temple.
  3168 | D:5      | Entered Level 5 of the Dungeon
  3243 | D:5      | Noticed Eustachio
  3269 | D:5      | Killed Eustachio
  3269 | D:5      | Reached skill level 5 in Armour
  3269 | D:5      | Reached skill level 1 in Dodging
  3269 | D:5      | Reached skill level 5 in Shields
  3269 | D:5      | Reached skill level 1 in Invocations
  3325 | D:5      | Noticed Menkaure
  3348 | D:5      | Killed Menkaure
  3348 | D:5      | Reached XP level 8. HP: 33/52 MP: 7/9
  3478 | D:5      | Found a glowing silver altar of Zin.
  3678 | D:5      | Reached ** piety under Okawaru
  3953 | D:5      | Found a runed translucent door.
  3956 | D:5      | Noticed Blodwynpig's ghost (novice GrBe)
  4305 | D:6      | Found an ornate altar of the Wu Jian Council.
  4388 | D:6      | Noticed Pikel
  4403 | D:6      | Killed Pikel
  4502 | D:6      | Reached XP level 9. HP: 57/57 MP: 12/12
  4522 | D:6      | Noticed Edmund
  4546 | D:6      | Killed Edmund
  4658 | D:6      | Reached *** piety under Okawaru
  5972 | D:7      | Reached skill level 5 in Invocations
  6012 | D:7      | Reached **** piety under Okawaru
  6740 | D:8      | Noticed Harold
  6778 | D:8      | Killed Harold
  6778 | D:8      | Reached skill level 5 in Dodging
  6778 | D:8      | Reached XP level 10. HP: 64/64 MP: 12/14
  6883 | D:8      | Noticed Maurice
  6961 | D:8      | Killed Maurice
  6961 | D:8      | Reached ***** piety under Okawaru
  6980 | D:8      | Found Enkux's Antique Weapon Shop.
  7012 | D:8      | Noticed Psyche
  7020 | D:8      | Killed Psyche
  7670 | D:9      | Noticed Joseph
  7694 | D:9      | Killed Joseph
  7694 | D:9      | Reached skill level 1 in Stealth
  7884 | D:9      | Reached skill level 5 in Short Blades
  8142 | D:9      | Noticed Erica
  8184 | D:9      | Killed Erica
  8184 | D:9      | Received a gift from Okawaru
  8184 | D:9      | Reached XP level 11. HP: 42/69 MP: 15/15
  8240 | D:9      | Noticed Grum
  8281 | D:9      | Killed Grum
  8285 | D:9      | Reached skill level 1 in Long Blades
  8539 | D:9      | Noticed Erolcha
  8551 | D:9      | Killed Erolcha
  8594 | D:9      | Found Butexamn's Antique Weapon Shoppe.
  8651 | D:9      | Bought a glowing scimitar for 203 gold pieces
  9059 | D:10     | Entered Level 10 of the Dungeon
  9187 | D:10     | Found a staircase to the Lair.
  9506 | D:10     | Reached skill level 1 in Evocations
  9893 | Lair:1   | Entered Level 1 of the Lair of Beasts
  9948 | Lair:1   | Received a gift from Okawaru
  9982 | Lair:1   | Got a transparent eveningstar {god gift}
 10069 | Lair:1   | Noticed an oklob plant
 10403 | Lair:1   | Found a gate leading to a gauntlet.
 10823 | Lair:1   | Noticed an oklob plant
 10825 | Lair:1   | Noticed an oklob plant
 10826 | Lair:1   | Noticed an oklob plant
 10849 | Lair:1   | Reached XP level 12. HP: 68/76 MP: 17/17
 12312 | Lair:2   | Reached skill level 5 in Stealth
 12530 | Lair:2   | Reached ****** piety under Okawaru
 12530 | Lair:2   | Reached skill level 10 in Fighting
 12561 | Lair:2   | Noticed an eight-headed hydra
 12562 | Lair:2   | Identified the +2 eveningstar "Mozxor" {elec, rElec rC+ rN+
                  | Str-4} (Okawaru gifted it to you on level 1 of the Lair of
                  | Beasts)
 12576 | Lair:2   | Killed an eight-headed hydra
 12576 | Lair:2   | Reached skill level 1 in Spellcasting
 12579 | Lair:2   | Reached skill level 5 in Long Blades
 12655 | Lair:2   | Received a gift from Okawaru
 12659 | Lair:2   | Got a crude demon blade {god gift}
 12660 | Lair:2   | Identified the +8 demon blade of Ohets {venom, Dex+2}
                  | (Okawaru gifted it to you on level 2 of the Lair of Beasts)
 13397 | Lair:3   | Noticed Rupert
 13451 | Lair:3   | Killed Rupert
 13451 | Lair:3   | Reached skill level 10 in Armour
 13451 | Lair:3   | Reached skill level 10 in Shields
 13629 | Lair:3   | Found a shimmering altar of Xom.
 13739 | Lair:3   | Found a hole to the Spider Nest.
 13948 | Lair:4   | Noticed Nergalle
 13969 | Lair:3   | Killed Nergalle
 13969 | Lair:3   | Reached XP level 13. HP: 69/84 MP: 18/18
 14178 | Lair:4   | Received a gift from Okawaru
 14800 | Lair:4   | You fall into a shaft and drop 2 floors!
 14800 | Lair:6   | Entered Level 6 of the Lair of Beasts
 16257 | Lair:4   | Found a staircase to the Shoals.
 17006 | Lair:5   | Identified a scroll of acquirement
 17039 | Lair:5   | Received a gift from Okawaru
 17276 | Lair:5   | Found a large runed translucent door.
 17276 | Lair:5   | Found a large runed translucent door.
 17276 | Lair:5   | Noticed Sennar25's ghost (journeyman DsFi)
 18024 | D:5      | Killed Blodwynpig's ghost
 19029 | Lair:5   | Killed Sennar25's ghost
 19029 | Lair:5   | Reached skill level 5 in Maces & Flails
 19072 | Lair:6   | Found a runed translucent door.
 19072 | Lair:6   | Found a viscous altar of Jiyva.
 19072 | Lair:6   | Noticed an acid blob
 19072 | Lair:6   | Noticed an acid blob
 19073 | Lair:6   | Found a staircase to the Slime Pits.
 19073 | Lair:6   | Noticed an acid blob
 19135 | Lair:6   | Gained mutation: Your large and strong wings let you fly
                  | indefinitely. [Gargoyle growth]
 19135 | Lair:6   | Reached XP level 14. HP: 64/92 MP: 19/19
 19244 | Lair:6   | Received a gift from Okawaru
 21312 | Lair:6   | Received a gift from Okawaru
 21767 | Shoals:1 | Entered Level 1 of the Shoals
 21767 | Shoals:1 | Found Nodios's Weapon Boutique.
 23199 | Shoals:2 | Found a runed translucent gate.
 23200 | Shoals:2 | Found a runed translucent gate.
 23200 | Shoals:2 | Noticed Brecoman's ghost (journeyman DrFE)
 23226 | Shoals:2 | Reached XP level 15. HP: 84/99 MP: 20/20
 23806 | Shoals:2 | Received a gift from Okawaru
 23969 | Shoals:2 | Identified a +0 pair of boots of running (Okawaru gifted it
                  | to you on level 2 of the Shoals)
 24049 | Shoals:2 | Found a runed translucent gate.
 26033 | Shoals:3 | Noticed a kraken
 27019 | Shoals:4 | Entered Level 4 of the Shoals
 27135 | Shoals:4 | Noticed Polyphemus
 27708 | Shoals:4 | Received a gift from Okawaru
 27757 | Shoals:4 | Identified the ring of Liess {*Slow rPois AC+3 Dex+3
                  | Slay+3}
 28516 | Shoals:4 | Reached XP level 16. HP: 98/106 MP: 21/21
 28727 | Shoals:4 | Reached skill level 10 in Long Blades
 29282 | Shoals:4 | Received a gift from Okawaru
 29686 | Shoals:4 | Got a barnacled rune of Zot
 29773 | Shoals:4 | Received a gift from Okawaru
 30590 | Spider:1 | Entered Level 1 of the Spider Nest
 31217 | Spider:1 | Identified a +0 pair of boots of running (You found it on
                  | level 1 of the Spider Nest)
 31624 | Spider:1 | Received a gift from Okawaru
 31625 | Spider:1 | Got a crude hat {god gift}
 31631 | Spider:1 | Identified the +1 hat "Laruphao" {MR+ Dex+3 Stlth+}
                  | (Okawaru gifted it to you on level 1 of the Spider Nest)
 31690 | Spider:1 | Noticed Kirke
 31723 | Spider:1 | Killed Kirke
 31804 | Spider:1 | Noticed Louise
 31813 | Spider:1 | Killed Louise
 32052 | Spider:2 | Reached skill level 15 in Fighting
 32076 | Spider:2 | Reached XP level 17. HP: 108/113 MP: 22/24
 32130 | Spider:2 | Reached skill level 5 in Spellcasting
 33016 | Spider:2 | Noticed Arachne
 33037 | Spider:2 | Killed Arachne
 33122 | Spider:3 | Noticed Jorgrun
 33273 | Spider:3 | Killed Jorgrun
 33654 | Spider:3 | Received a gift from Okawaru
 33689 | Spider:3 | Reached skill level 5 in Evocations
 34264 | Spider:4 | Entered Level 4 of the Spider Nest
 34275 | Spider:4 | Reached skill level 15 in Shields
 34286 | Spider:4 | Reached skill level 15 in Armour
 34447 | Spider:4 | Noticed Mara
 34478 | Spider:4 | Noticed taratatuy's illusion
 34493 | Spider:4 | Killed Mara
 34655 | Spider:4 | Noticed Aizul
 34687 | Spider:4 | Killed Aizul
 34856 | Spider:4 | Reached XP level 18. HP: 120/120 MP: 28/28
 34914 | Spider:4 | Got a translucent rapier
 34915 | Spider:4 | Identified the cursed +3 rapier "Xoar" {pierce, +Fly rElec
                  | Str+4 Dex+4} (You found it on level 4 of the Spider Nest)
 34955 | Spider:4 | Noticed Agnes
 34971 | Spider:4 | Killed Agnes
 35098 | Spider:4 | Received a gift from Okawaru
 35127 | Spider:4 | Reached XP level 19. HP: 123/125 MP: 1/29
 35951 | Spider:4 | Got a gossamer rune of Zot
 36558 | Lair:6   | HP: 6/125 [acid blob/splash of acid (11)]
 36558 | Lair:6   | Splashed by an acid blob's acid

Levels and vault maps discovered:
D:1:      minmay_arrival_cross, layout_loops_ring, serial_bayou_pond_e,
          xom_teletrap_fun
D:2:      layout_loops_corners, uniq_terence
D:3:      layout_rooms, gammafunk_temple_overflow_forgotten, serial_glass,
          glass_columns_b, glass_columns_b, chequers_ecumenical_altar_twisty
D:4:      layout_loops_ring, minmay_temple_entry_junction, first_ration
D:5:      layout_loops_ring, zin_scriptorium, ebering_ghost_sewer_d,
          uniq_menkaure, uniq_eustachio
D:6:      layout_basic, lemuel_doored_altar, uniq_edmund, uniq_pikel
D:7:      layout_cave_pods, minmay_misc_feat_tiny
D:8:      layout_basic, serial_shops, nicolae_shop_statue_plus, uniq_harold,
          uniq_psyche, uniq_maurice
D:9:      layout_layer_cave, serial_shops, nicolae_shop_overgrown_old_shop,
          uniq_erolcha, uniq_erica, uniq_grum, uniq_joseph
D:10:     layout_gridville, david_lair_generic, grunt_pizzeria
Lair:1:   layout_gridlike, gauntlet_entry_generic, beast_lair_carwin_2,
          minmay_lair_oklob_chamber
Lair:2:   minmay_lair_venomous_thicket, layout_chaotic_city, grunt_megastairs_2
Lair:3:   layout_concentric_octagons, spider_nest_entry_web_field, basic_altar,
          minivault_25, uniq_rupert
Lair:4:   layout_cave_pods, minmay_shoals_entry_centaurs, uniq_nergalle
Lair:5:   layout_cave_pods, ebering_ghost_disaster_area, st_stairs_9,
          infiniplex_staircase_pool, grunt_megastairs_5, lemuel_fruit_fields
Lair:6:   hangedman_lair_in_review, layout_regular_city,
          guppyfry_lair_end_dragon, slime_altar_2
Shoals:1: layout_shoals, serial_shops,
          nicolae_shop_temple_entry_statues_fountains, nicolae_shoals_loop_pool
Shoals:2: layout_shoals, ebering_ghost_davey_jones
Shoals:3: layout_shoals, argonaut_gorgonesque
Shoals:4: shoals_end_grunt_garden, layout_shoals, uniq_polyphemus
Spider:1: layout_spider_delve, spiders_nest_spider_trap, uniq_kirke, uniq_louise
Spider:2: layout_spider_delve, uniq_arachne
Spider:3: layout_spider_delve, uniq_jorgrun
Spider:4: grunt_spider_rune_parallel, uniq_mara, uniq_agnes, uniq_aizul

Skill      XL: |  1  2  3  4  5  6  7  8  9 10 11 12 13 14 15 16 17 18 19 |
---------------+----------------------------------------------------------+-----
Fighting       | 4 5 6 7 8 9 11 12 13 14 15 | 15.9
Short Blades   | 1 2 3 4 5 |  5.2
Armour         | 4 5 7 8 10 11 12 13 14 15 | 15.6
Shields        | 4 5 7 8 10 11 12 13 14 15 | 15.0
Dodging        | 1 3 5 6 7 8 |  8.1
Invocations    | 2 4 5 6 7 |  7.0
Stealth        | 3 4 5 6 |  6.6
Long Blades    | 3 5 6 8 9 10 11 | 11.9
Evocations     | 2 4 5 6 |  6.0
Spellcasting   | 2 4 6 7 |  7.6
Maces & Flails | 5 |  5.0

Action                   |  1- 3 |  4- 6 |  7- 9 | 10-12 | 13-15 | 16-18 | 19-21 || total
-------------------------+-------+-------+-------+-------+-------+-------+-------++-------
Melee: Flail             |    33 |       |       |       |       |       |       ||    33
       Hand axe          |    25 |       |       |       |       |       |       ||    25
       Short sword       |    34 |   199 |   396 |   291 |       |       |       ||   920
       Spear             |       |       |   183 |       |       |       |       ||   183
       Scimitar          |       |       |       |   308 |       |       |       ||   308
       Demon blade       |       |       |       |    60 |  1011 |   921 |   163 ||  2155
       Eveningstar       |       |       |       |    47 |   114 |       |       ||   161
       Punch             |       |       |       |       |       |     2 |       ||     2
       Rapier            |       |       |       |       |       |    42 |       ||    42
       Triple sword      |       |       |       |       |       |       |     5 ||     5
 Fire: Arbalest          |       |       |       |       |    15 |       |       ||    15
Throw: Boomerang         |     5 |     2 |     3 |       |       |       |       ||    10
       Dart              |       |       |       |     2 |       |       |       ||     2
Invok: Heroism           |       |       |     4 |    13 |    19 |    19 |       ||    55
       Finesse           |       |       |       |     4 |     7 |    10 |       ||    21
 Abil: Fly               |       |       |       |       |     4 |     2 |       ||     6
       Stop Flying       |       |       |       |       |     3 |     2 |     1 ||     6
Evoke: Wand              |       |       |       |       |     1 |     1 |       ||     2
       Lightning rod     |       |       |       |       |       |     1 |       ||     1
  Use: Scroll            |       |       |       |    15 |    14 |    13 |     1 ||    43
       Potion            |       |       |       |     2 |     4 |     2 |       ||     8
 Stab: Sleeping          |       |       |       |     8 |     7 |     5 |       ||    20
       Distracted        |       |       |       |     1 |     1 |     1 |       ||     3
       Held in net/web   |       |       |       |       |       |     1 |     1 ||     2
  Eat: Chunk             |     1 |     6 |    20 |    20 |    32 |    16 |     1 ||    96
       Ration            |       |       |     1 |     1 |     5 |     1 |     1 ||     9
Armor: Scale mail        |    49 |     1 |       |       |       |       |       ||    50
       Ring mail         |       |    88 |   185 |   264 |   581 |   448 |   211 ||  1777
Dodge: Dodged            |    30 |    50 |   172 |   268 |   633 |   462 |    90 ||  1705
Block: Shield            |    35 |    78 |   226 |   361 |   701 |       |       ||  1401
       Large shield      |       |       |       |       |   211 |   886 |   205 ||  1302
       Reflection        |       |       |       |       |    17 |    20 |     2 ||    39
       Rpst.: Scimitar   |       |       |       |    45 |       |       |       ||    45
       Demon blade       |       |       |       |    14 |   129 |    80 |     9 ||   232
       Triple sword      |       |       |       |       |       |       |     3 ||     3
